| TOP OF THE 1ST |
|
Cleveland Indians batting - Pitching for Chicago Cubs : RHP Randy Budgell
|
|
Pitching: RHP Randy Budgell
|
|
|
Batting: RHB Drtian Thaqi
|
0-0: Foul Ball, location: 2F 0-1: Called Strike 0-2: Foul Ball, location: 2F 0-2: Ground out U3 (Groundball, 3S, EV 89.4 MPH)
|
|
Batting: LHB Kyle Schaible
|
0-0: Swinging Strike 0-1: Swinging Strike 0-2: Ground out 6-3 (Groundball, P, EV 93.8 MPH)
|
|
Batting: SHB Moe Lester
|
0-0: Ball 1-0: Ball 2-0: Ball 3-0: Base on Balls
|
|
Batting: SHB Merrick Geter
|
0-0: Ball 1-0: Ball 2-0: Called Strike 2-1: Foul Ball, location: 2F 2-2: Strikes out looking
|
| Top of the 1st over - 0 runs, 0 hits, 0 errors, 1 left on base; Cleveland 0 - Chicago 0 |
| BOTTOM OF THE 1ST |
|
Chicago Cubs batting - Pitching for Cleveland Indians : RHP Jon Glenn
|
|
Pitching: RHP Jon Glenn
|
|
|
Batting: RHB Yasuhide Kasahara
|
0-0: Ball 1-0: Ball 2-0: Foul Ball, location: 2F 2-1: Swinging Strike 2-2: Foul Ball, location: 2F 2-2: SINGLE (Groundball, 6, EV 98.1 MPH)
|
|
Batting: LHB Kevin Norton
|
0-0: Called Strike 0-1: SINGLE (Popup, 34D, EV 48.8 MPH) Yasuhide Kasahara to second
|
|
Batting: SHB Terry Tuckfard
|
0-0: Ball 1-0: Foul Ball, location: 2F 1-1: Called Strike 1-2: Ball 2-2: Ball 3-2: Foul Ball, location: 2F 3-2: Base on Balls Yasuhide Kasahara to third Kevin Norton to second
|
|
Batting: RHB Kaeo Zirpoli
|
0-0: Called Strike 0-1: Ball 1-1: Foul Ball, location: 2F 1-2: Ball 2-2: DOUBLE (Flyball, 89D, EV 97.5 MPH) Yasuhide Kasahara scores Kevin Norton scores Terry Tuckfard to third
|
|
Batting: RHB Josh Kalman
|
0-0: Ball 1-0: Foul Ball, location: 2F 1-1: Fly out, F4 (Popup, 23, EV 85.0 MPH)
|
|
Batting: RHB Elijah Campbell
|
0-0: Foul Ball, location: 2F 0-1: Ball 1-1: Ground out 5-3 (Groundball, 56S, EV 63.1 MPH) Terry Tuckfard scores Kaeo Zirpoli to third
|
|
Batting: RHB Will Leslie
|
0-0: Ball 1-0: Ball 2-0: Foul Ball, location: 2F 2-1: Foul Ball, location: 2F 2-2: Ground out 5-3 (Groundball, 5S, EV 85.0 MPH)
|
| Bottom of the 1st over - 3 runs, 3 hits, 0 errors, 1 left on base; Cleveland 0 - Chicago 3 |
| TOP OF THE 2ND |
|
Cleveland Indians batting - Pitching for Chicago Cubs : RHP Randy Budgell
|
|
Batting: LHB Arvin Dungca
|
0-0: Ball 1-0: Ball 2-0: Ball 3-0: Called Strike 3-1: Base on Balls
|
|
Batting: LHB Fernando Campos
|
0-0: Swinging Strike 0-1: Ball 1-1: Ball 2-1: Ball 3-1: Foul Ball, location: 2F 3-2: Grounds into double play, 4-6-3 (Groundball, 4, EV 101.3 MPH)
|
|
Batting: LHB Hector Pedroso
|
0-0: Ball 1-0: Called Strike 1-1: Swinging Strike 1-2: Ground out 4-3 (Groundball, 4M, EV 84.4 MPH)
|
| Top of the 2nd over - 0 runs, 0 hits, 0 errors, 0 left on base; Cleveland 0 - Chicago 3 |
| BOTTOM OF THE 2ND |
|
Chicago Cubs batting - Pitching for Cleveland Indians : RHP Jon Glenn
|
|
Batting: RHB Steve Bui
|
0-0: SINGLE (Groundball, 6D, EV 95.0 MPH)
|
|
Batting: RHB Andy Wasierski
|
0-0: Ball 1-0: Foul Ball, location: 2F 1-1: Ball 2-1: Ball 3-1: Base on Balls Steve Bui to second
|
|
Batting: RHB Yasuhide Kasahara
|
0-0: Ball 1-0: Ball 2-0: Called Strike 2-1: Foul Ball, location: 2F 2-2: Grounds into double play, 3-6-3 (Groundball, 34, EV 94.4 MPH) Steve Bui to third
|
|
Batting: LHB Kevin Norton
|
0-0: Ball 1-0: Ball 2-0: Called Strike 2-1: Fly out, F9 (Line Drive, 9, EV 91.9 MPH)
|
| Bottom of the 2nd over - 0 runs, 1 hit, 0 errors, 1 left on base; Cleveland 0 - Chicago 3 |
| TOP OF THE 3RD |
|
Cleveland Indians batting - Pitching for Chicago Cubs : RHP Randy Budgell
|
|
Batting: SHB Dan Hill
|
0-0: Ball 1-0: Called Strike 1-1: Foul Ball, location: 2F 1-2: Ball 2-2: Strikes out swinging
|
|
Batting: RHB Justin Ganey
|
0-0: Called Strike 0-1: Ball 1-1: Ground out 5-3 (Groundball, 56, EV 80.0 MPH)
|
|
Batting: RHB Drtian Thaqi
|
0-0: Foul Ball, location: 2F 0-1: Foul Ball, location: 2F 0-2: Foul Ball, location: 2F 0-2: Ball 1-2: Ball 2-2: Foul Ball, location: 2F 2-2: Foul Ball, location: 2F 2-2: Ball 3-2: Foul Ball, location: 2F 3-2: Foul Ball, location: 2F 3-2: Foul Ball, location: 2F 3-2: Base on Balls
|
|
Batting: LHB Kyle Schaible
|
0-0: Ground out 4-3 (Groundball, 4, EV 88.1 MPH)
|
| Top of the 3rd over - 0 runs, 0 hits, 0 errors, 1 left on base; Cleveland 0 - Chicago 3 |
| BOTTOM OF THE 3RD |
|
Chicago Cubs batting - Pitching for Cleveland Indians : RHP Jon Glenn
|
|
Batting: SHB Terry Tuckfard
|
0-0: Called Strike 0-1: Called Strike 0-2: Reached on error, E3 (Groundball, 3, EV 79.4 MPH)
|
|
Batting: RHB Kaeo Zirpoli
|
0-0: Foul Ball, location: 2F 0-1: Ball 1-1: Ball 2-1: Called Strike 2-2: Fly out, F7 (Line Drive, 7, EV 93.8 MPH)
|
|
Batting: RHB Josh Kalman
|
0-0: Called Strike Terry Tuckfard steals 2nd base 0-1: Ground out 6-3 (Groundball, 6, EV 81.3 MPH) Terry Tuckfard to third
|
|
Batting: RHB Elijah Campbell
|
0-0: Ball 1-0: Fly out, F8 (Flyball, 8RXD, EV 91.3 MPH)
|
| Bottom of the 3rd over - 0 runs, 0 hits, 1 error, 1 left on base; Cleveland 0 - Chicago 3 |
| TOP OF THE 4TH |
|
Cleveland Indians batting - Pitching for Chicago Cubs : RHP Randy Budgell
|
|
Batting: SHB Moe Lester
|
0-0: Called Strike 0-1: Ball 1-1: Ball 2-1: Ball 3-1: Base on Balls
|
|
Batting: SHB Merrick Geter
|
0-0: Ball 1-0: Ball 2-0: Foul Ball, location: 2F 2-1: DOUBLE (Line Drive, 7LM, EV 100.6 MPH) Moe Lester to third
|
|
Batting: LHB Arvin Dungca
|
0-0: Called Strike 0-1: Ball Wild Pitch! Moe Lester scores Merrick Geter to third 1-1: Foul Ball, location: 2F 1-2: Ball 2-2: Ground out U3 (Groundball, 3L, EV 101.3 MPH)
|
|
Batting: LHB Fernando Campos
|
0-0: Swinging Strike 0-1: Called Strike 0-2: Ball 1-2: Ball 2-2: Ground out 4-3 (Groundball, 4, EV 87.5 MPH) Merrick Geter scores
|
|
Batting: LHB Hector Pedroso
|
0-0: Called Strike 0-1: Ball 1-1: Called Strike 1-2: Ball 2-2: Fly out, F7 (Flyball, 78M, EV 85.0 MPH)
|
| Top of the 4th over - 2 runs, 1 hit, 0 errors, 0 left on base; Cleveland 2 - Chicago 3 |
| BOTTOM OF THE 4TH |
|
Chicago Cubs batting - Pitching for Cleveland Indians : RHP Jon Glenn
|
|
Batting: RHB Will Leslie
|
0-0: Ground out U3 (Groundball, 34S, EV 90.6 MPH)
|
|
Batting: RHB Steve Bui
|
0-0: Ball 1-0: Foul Ball, location: 2F 1-1: Ground out 4-3 (Groundball, 4MD, EV 99.4 MPH)
|
|
Batting: RHB Andy Wasierski
|
0-0: Ball 1-0: Fly out, F8 (Line Drive, 8RM, EV 91.9 MPH)
|
| Bottom of the 4th over - 0 runs, 0 hits, 0 errors, 0 left on base; Cleveland 2 - Chicago 3 |
| TOP OF THE 5TH |
|
Cleveland Indians batting - Pitching for Chicago Cubs : RHP Randy Budgell
|
|
Batting: SHB Dan Hill
|
0-0: Foul Ball, location: 2F 0-1: Ball 1-1: Foul Ball, location: 2F 1-2: Ball 2-2: Strikes out looking
|
|
Batting: RHB Justin Ganey
|
0-0: Ball 1-0: Ball 2-0: Called Strike 2-1: Swinging Strike 2-2: Strikes out swinging
|
|
Batting: RHB Drtian Thaqi
|
0-0: Called Strike 0-1: Foul Ball, location: 2F 0-2: Ball 1-2: Strikes out swinging
|
| Top of the 5th over - 0 runs, 0 hits, 0 errors, 0 left on base; Cleveland 2 - Chicago 3 |
| BOTTOM OF THE 5TH |
|
Chicago Cubs batting - Pitching for Cleveland Indians : RHP Jon Glenn
|
|
Batting: RHB Yasuhide Kasahara
|
0-0: Swinging Strike 0-1: Swinging Strike 0-2: Ball 1-2: Ball 2-2: Hit by Pitch
|
|
Batting: LHB Kevin Norton
|
0-0: Ball Yasuhide Kasahara steals 2nd base 1-0: DOUBLE (Line Drive, 7LM, EV 101.9 MPH) Yasuhide Kasahara scores
|
|
Batting: SHB Terry Tuckfard
|
0-0: Ground out 3-1 (Groundball, 34, EV 104.4 MPH) Kevin Norton to third
|
|
Batting: RHB Kaeo Zirpoli
|
0-0: Swinging Strike 0-1: Foul Ball, location: 2F 0-2: Strikes out swinging
|
|
Batting: RHB Josh Kalman
|
0-0: Ground out 6-3 (Groundball, 6S, EV 76.3 MPH)
|
| Bottom of the 5th over - 1 run, 1 hit, 0 errors, 1 left on base; Cleveland 2 - Chicago 4 |
| TOP OF THE 6TH |
|
Cleveland Indians batting - Pitching for Chicago Cubs : RHP Randy Budgell
|
|
Batting: LHB Kyle Schaible
|
0-0: Ball 1-0: Ball 2-0: Called Strike 2-1: Called Strike 2-2: Ground out 6-3 (Groundball, 6M, EV 77.5 MPH)
|
|
Batting: SHB Moe Lester
|
0-0: Called Strike 0-1: Foul Ball, location: 2F 0-2: SINGLE (Groundball, 34D, EV 103.8 MPH)
|
|
Pitching: RHP Yeong-kil Suck
|
|
|
Batting: SHB Merrick Geter
|
0-0: Ball 1-0: Foul Ball, location: 2F 1-1: Ball 2-1: Foul Ball, location: 2F 2-2: Fly out, F8 (Flyball, 78D, EV 101.3 MPH)
|
|
Batting: LHB Arvin Dungca
|
0-0: Called Strike 0-1: Ball Moe Lester steals 2nd base 1-1: Foul Ball, location: 2F 1-2: Ground out U3 (Groundball, 3L, EV 103.8 MPH)
|
| Top of the 6th over - 0 runs, 1 hit, 0 errors, 1 left on base; Cleveland 2 - Chicago 4 |
| BOTTOM OF THE 6TH |
|
Chicago Cubs batting - Pitching for Cleveland Indians : RHP Jon Glenn
|
|
Batting: RHB Elijah Campbell
|
0-0: Called Strike 0-1: Swinging Strike 0-2: Strikes out swinging
|
|
Batting: RHB Will Leslie
|
0-0: Called Strike 0-1: Called Strike 0-2: Ball 1-2: Ball 2-2: Foul Ball, location: 2F 2-2: Ground out 5-3 (Groundball, 25, EV 86.9 MPH)
|
|
Batting: RHB Steve Bui
|
0-0: Fly out, F9 (Flyball, 9LM, EV 95.0 MPH)
|
| Bottom of the 6th over - 0 runs, 0 hits, 0 errors, 0 left on base; Cleveland 2 - Chicago 4 |
| TOP OF THE 7TH |
|
Cleveland Indians batting - Pitching for Chicago Cubs : RHP Yeong-kil Suck
|
|
Batting: LHB Fernando Campos
|
0-0: Foul Ball, location: 2F 0-1: Ball 1-1: Ball 2-1: Fly out, F7 (Line Drive, 7, EV 91.3 MPH)
|
|
Batting: LHB Hector Pedroso
|
0-0: Ball 1-0: Ball 2-0: Ground out 6-3 (Groundball, 4M, EV 109.4 MPH)
|
|
Batting: SHB Dan Hill
|
0-0: Called Strike 0-1: Called Strike 0-2: Ball 1-2: Foul Ball, location: 2F 1-2: Ball 2-2: Strikes out swinging
|
| Top of the 7th over - 0 runs, 0 hits, 0 errors, 0 left on base; Cleveland 2 - Chicago 4 |
| BOTTOM OF THE 7TH |
|
Chicago Cubs batting - Pitching for Cleveland Indians : RHP Jon Glenn
|
|
Batting: RHB Andy Wasierski
|
0-0: Swinging Strike 0-1: Foul Ball, location: 2F 0-2: Fly out, F9 (Line Drive, 9, EV 106.9 MPH)
|
|
Batting: RHB Yasuhide Kasahara
|
0-0: SINGLE (Groundball, 4S, EV 66.9 MPH) (infield hit)
|
|
Batting: LHB Kevin Norton
|
0-0: Ball 1-0: Called Strike Yasuhide Kasahara steals 2nd base (no throw) 1-1: Ground out 4-3 (Groundball, 4, EV 78.1 MPH) Yasuhide Kasahara to third
|
|
Batting: SHB Terry Tuckfard
|
0-0: Ground out U3 (Groundball, 3, EV 85.6 MPH)
|
| Bottom of the 7th over - 0 runs, 1 hit, 0 errors, 1 left on base; Cleveland 2 - Chicago 4 |
| TOP OF THE 8TH |
|
Cleveland Indians batting - Pitching for Chicago Cubs : RHP Yeong-kil Suck
|
|
Batting: RHB Justin Ganey
|
0-0: Ground out U3 (Groundball, 3S, EV 63.1 MPH)
|
|
Batting: RHB Drtian Thaqi
|
0-0: Ball 1-0: Called Strike 1-1: Foul Ball, location: 2F 1-2: Foul Ball, location: 2F 1-2: Foul Ball, location: 2F 1-2: Ball 2-2: Foul Ball, location: 2F 2-2: Strikes out swinging
|
|
Batting: LHB Kyle Schaible
|
0-0: Called Strike 0-1: Ball 1-1: Ball 2-1: Foul Ball, location: 2F 2-2: Fly out, F8 (Flyball, 8LM, EV 88.8 MPH)
|
| Top of the 8th over - 0 runs, 0 hits, 0 errors, 0 left on base; Cleveland 2 - Chicago 4 |
| BOTTOM OF THE 8TH |
|
Chicago Cubs batting - Pitching for Cleveland Indians : RHP Jon Glenn
|
|
Batting: RHB Kaeo Zirpoli
|
0-0: Ball 1-0: Foul Ball, location: 2F 1-1: Fly out, F9 (Line Drive, 9, EV 98.1 MPH)
|
|
Pitching: RHP Dan Korte
|
|
|
Batting: RHB Josh Kalman
|
0-0: Ball 1-0: Called Strike 1-1: Foul Ball, location: 2F 1-2: Foul Ball, location: 2F 1-2: SINGLE (Groundball, 56S, EV 68.1 MPH) (infield hit)
|
|
Batting: RHB Elijah Campbell
|
0-0: Ball 1-0: Ball 2-0: Ball 3-0: Called Strike 3-1: Foul Ball, location: 2F 3-2: Strikes out swinging Josh Kalman steals 2nd base Batter strikes out.
|
|
Batting: RHB Will Leslie
|
0-0: Ball 1-0: Called Strike 1-1: Swinging Strike 1-2: Foul Ball, location: 2F 1-2: Ball 2-2: Strikes out swinging
|
| Bottom of the 8th over - 0 runs, 1 hit, 0 errors, 1 left on base; Cleveland 2 - Chicago 4 |
| TOP OF THE 9TH |
|
Cleveland Indians batting - Pitching for Chicago Cubs : RHP Yeong-kil Suck
|
|
Pitching: LHP George Poirier
|
|
|
Batting: SHB Moe Lester
|
0-0: Called Strike 0-1: Called Strike 0-2: Ball 1-2: Strikes out swinging
|
|
Batting: SHB Merrick Geter
|
0-0: Called Strike 0-1: Called Strike 0-2: Ball 1-2: Ground out 5-3 (Groundball, 56, EV 108.8 MPH)
|
|
Batting: LHB Arvin Dungca
|
0-0: Ball 1-0: Swinging Strike 1-1: Ball 2-1: Called Strike 2-2: Ball 3-2: Ground out U3 (Groundball, 34S, EV 86.9 MPH)
|
| Top of the 9th over - 0 runs, 0 hits, 0 errors, 0 left on base; Cleveland 2 - Chicago 4 |
|